 Dungeon Sprint DCSS version 0.30-a0-782-ge64f9170bb (webtiles) character file.

Game seed: 4387184770622010133

8983 nuthulu the Peltast (level 11, -19/102 HPs)
             Began as a Formicid Fighter on Feb 23, 2023.
             Was the Champion of Makhleb.
             Killed from afar by an ancient lich (62 damage)
             ... with a crystal spear
             ... in the Dungeon (Sprint V: "Ziggurat Sprint").
             The game lasted 00:03:53 (896 turns).

nuthulu the Peltast (Formicid Fighter)               Turns: 896, Time: 00:03:54

Health: -19/102    AC: 34    Str: 28    XL:     11   Next: 65%
Magic:  11/11      EV:  3    Int:  9    God:    Makhleb [******]
Gold:   0          SH: 32    Dex: 13    Spells: 10/10 levels left

rFire   + + +      SeeInvis +    z - +16 obsidian axe {drain, demonic, Mesm Drain Fly SInv}
rCold   . . .      Faith    .    B - +18 shield of the Gong {Loud rN+ Will+ rCorr EV-5}
rNeg    + + .      Spirit   .    A - +15 Maxwell's patent armour {-Cast -Tele rElec Will+ rCorr}
rPois   +          Reflect  .    (helmet unavailable)
rElec   +          Harm     .    C - +1 cloak {rPois}
rCorr   +          Rampage  .    (no gloves)
Will    ++...      NoCast   +    (no boots) Stlth
                                 l - amulet of Mistrust {Acrobat Str+2 Int+2 Slay+5}
HPRegen 0.37/turn                D - ring "Jinkatig" {rPois Slay+4}
MPRegen 0.12/turn                F - ring of Yesterday {Wiz rF+++ rN+ Will- Stlth-}

@: lethally poisoned (-19 -> -29), flying, mesmerised
A: permanent stasis, dig shafts and tunnels, antennae 3, four strong arms
a: Dig, Renounce Religion, Minor Destruction, Lesser Servant of Makhleb, Major
Destruction, Greater Servant of Makhleb


You were in the Dungeon.
You worshipped Makhleb.
Makhleb was exalted by your worship.
You visited 1 branch

Inventory:

Hand Weapons
 a - a +0 war axe
 z - the +16 obsidian axe (weapon) {drain, demonic, Mesm Drain Fly SInv}
   (You found it in the Dungeon)

   Mesm:      Its wielder is mesmerised by any visible foes, and it cannot be
   unequipped while any foes are visible.
   SInv:      It lets you see invisible.
   Fly:       It grants you flight.
   Drain:     It drains your maximum health when unequipped.
Armour
 b - a +0 scale mail
 c - a +0 buckler
 A - the +15 Maxwell's patent armour (worn) {-Cast -Tele rElec Will+ rCorr}
   (You found it in the Dungeon)

   rElec:     It insulates you from electricity.
   -Cast:     It prevents spellcasting.
   -Tele:     It prevents most forms of teleportation.
   rCorr:     It protects you from acid and corrosion.
   Will:      It increases your willpower.
 B - the +18 shield of the Gong (worn) {Loud rN+ Will+ rCorr EV-5}
   (You found it in the Dungeon)

   Loud:      It is deafeningly noisy when blocking attacks.
   EV:        It affects your evasion (-5).
   rN:        It protects you from negative energy.
   rCorr:     It protects you from acid and corrosion.
   Will:      It increases your willpower.
 C - a +1 cloak of poison resistance (worn)
Jewellery
 l - the amulet of Mistrust (around neck) {Acrobat Str+2 Int+2 Slay+5}
   (You found it in the Dungeon)

   [amulet of the acrobat]

   It increases your evasion while moving and waiting.
   Str:       It affects your strength (+2).
   Int:       It affects your intelligence (+2).
   Slay:      It affects your accuracy & damage with ranged weapons and melee
   (+5).
 q - a ring of flight
 r - a +6 ring of dexterity
 s - a +6 ring of dexterity
 t - a +6 ring of intelligence
 u - a +6 ring of intelligence
 v - a +6 ring of strength
 w - a +6 ring of strength
 D - the ring "Jinkatig" (left hand) {rPois Slay+4}
   (You found it in the Dungeon)

   [ring of slaying]

   Slay:      It affects your accuracy & damage with ranged weapons and melee
   (+4).
   rPois:     It protects you from poison.
 F - the ring of Yesterday (right hand) {Wiz rF+++ rN+ Will- Stlth-}
   (You found it in the Dungeon)

   [ring of wizardry]

   It improves your spell success rate.
   rF:        It renders you almost immune to fire.
   rN:        It protects you from negative energy.
   Will:      It decreases your willpower.
   Stlth:     It makes you less stealthy.
 G - the ring of Abstinence {MP+9 Int+4}
   (You found it in the Dungeon)

   [ring of magical power]

   Int:       It affects your intelligence (+4).
   MP:        It affects your magic capacity (+9).
 H - a ring of resist corrosion
 I - a ring of ice
 J - a +4 ring of slaying
Wands
 x - a wand of mindburst (7)
 y - a wand of quicksilver (7)
Scrolls
 h - 4 scrolls of blinking
 m - 4 scrolls of amnesia
 n - 7 scrolls of fog
 o - 5 scrolls of identify
 p - 2 scrolls of fear
 E - 8 scrolls of enchant armour
Potions
 d - 5 potions of might
 e - 10 potions of curing
 f - 8 potions of heal wounds
 g - 7 potions of magic
 i - 2 potions of brilliance
 j - 2 potions of invisibility
 k - 4 potions of resistance


   Skills:
 + Level 15.0 Fighting
 + Level 14.2 Axes
 + Level 15.6 Armour
 + Level 18.3 Shields


You had 10 spell levels left.
You didn't know any spells.
Your spell library contained the following spells:

 Spells                   Type           Power      Damage    Failure   Level
 Foxfire                  Conj/Fire      0%         2x1d4     75%         1
 Lesser Beckoning         Tloc           0%         N/A       86%         2
 Hailstorm                Conj/Ice       0%         3d3       98%         3
 Portal Projectile        Hex/Tloc       0%         N/A       98%         3
 Stone Arrow              Conj/Erth      0%         3d7       98%         3
 Animate Armour           Summ/Erth      0%         N/A       100%        4
 Animate Dead             Necr           0%         N/A       100%        4
 Ice Form                 Ice/Tmut       0%         N/A       100%        4
 Iskenderun's Mystic Bla  Conj/Tloc      0%         2d3       100%        4
 Manifold Assault         Tloc           0%         N/A       100%        4
 Passage of Golubria      Tloc           0%         N/A       100%        4
 Summon Lightning Spire   Summ/Air       0%         N/A       100%        4
 Borgnjor's Vile Clutch   Necr/Erth      0%         N/A       100%        5
 Fireball                 Conj/Fire      0%         3d3       100%        5
 Freezing Cloud           Conj/Ice/Air   0%         6-21      100%        5
 Iskenderun's Battlesphe  Conj           0%         2d6       100%        5
 Metabolic Englaciation   Hex/Ice        0%         N/A       100%        5
 Yara's Violent Unravell  Hex/Tmut       0%         3d3       100%        5
 Conjure Ball Lightning   Conj/Air       0%         3x3d6     100%        6
 Simulacrum               Ice/Necr       0%         N/A       100%        6
 Haunt                    Necr/Summ      0%         N/A       100%        7
 Orb of Destruction       Conj           0%         9d5       100%        7
 Storm Form               Tmut/Air       0%         N/A       100%        7
 Infestation              Necr           0%         N/A       100%        8
 Lehudib's Crystal Spear  Conj/Erth      0%         10d2      100%        8
 Maxwell's Capacitive Co  Air            0%         ∞         100%        8


Dungeon Overview and Level Annotations

Branches:
Dungeon (1/1)

Altars:
Ashenzari
Cheibriados
Dithmenos
Elyvilon
Fedhas
Gozag
Hepliaklqana
Kikubaaqudgha
Makhleb
Nemelex Xobeh
Okawaru
Qazlal
Ru
Sif Muna
Trog
Uskayaw
Vehumet
Wu Jian
Xom
Yredelemnul
Zin
The Shining One
Jiyva
Lugonu

Annotations:
D 1 transporter


Innate Abilities, Weirdness & Mutations

You cannot be hasted, slowed, berserked, paralysed or teleported.
You can dig through walls and to a lower floor.
You have a pair of large antennae on your head. (SInv)
Your four strong arms can wield two-handed weapons with a shield.


Message History

BONNNG!
Your sun demon closely misses the royal mummy.
The royal mummy hits you.
* * * LOW HITPOINT WARNING * * *
The ushabti shakes and rattles.
The vile air hits the royal mummy but does no damage.
The vile air hits you but does no damage.
The vile air hits the death scarab.
The death scarab bites you but does no damage.
Unknown command.
Unknown command.
You feel much better.
You feel very sick. You block the death scarab's attack.
GONNNNG!
You block the death scarab's attack.
BONNNG!
The ancient lich touches you but does no damage.
The death scarab closely misses your sun demon.
Your sun demon hits the royal mummy!
The royal mummy is engulfed in flames!
The royal mummy hits your sun demon!! The guardian mummy barely misses you.
The ancient lich touches you but does no damage.
The mummy hits you but does no damage.
Your blizzard demon gestures at the flying skull.
The bolt of lightning hits the flying skull!
The flying skull resists.
The bolt of lightning hits the death scarab!!!
The death scarab is destroyed!
The death scarab's corpse disappears in a puff of smoke!
Unknown command.
You slash the mummy!
The mummy is heavily damaged.
You hit the guardian mummy. You closely miss the death scarab.
You hit the ancient lich. You hit the royal mummy.
You feel very sick.
The death scarab bites you but does no damage.
The ancient lich points at you and mumbles some strange words.
The crystal spear hits you!!!
Ouch! That really hurt!
You die...

▓.........▓ ▓..{.©....▓
▓▓▓▓▓▓▓▓▓▓▓▓▓▓▓▓▓▓▓▓▓▓▓
▓...8©8...▓...8©8...▓..
▓..}}[:==.▓..}}||...▓..
▓..|)=}[..▓..||}[}..▓..
▓....§z2..▓.........▓..
▓....LMM..▓.........▓..
▓...9M@B.°▓.........▓..
▓...3B....▓....††...▓..
▓..▓...▓..▓...†.†...▓.▓
▓.........▓.▓.....▓.▓..
▓....©....▓....©....▓▓▓
▓▓▓▓▓▓▓▓▓▓▓▓▓▓▓▓▓▓▓▓▓


{{{{{{{{ {{ {{{{{{{ {{ {{{{{{{{{{{ You could see a royal mummy (ally target), an
ancient lich (mesmerising, fast, invisible), a guardian mummy, an ushabti, 2
death scarabs, a flying skull (ally target), a mummy, a friendly blizzard demon
(summoned) and a friendly sun demon (summoned).

Vanquished Creatures
  A spriggan druid (D)
  A cane toad (D)
  An eye of devastation (D)
  A komodo dragon (D)
  2 merfolk (D)
  2 hornets (D)
  2 tarantellas (D)
  2 jumping spiders (D)
  A slime creature (D)
  5 spriggans (D)
  A golden eye (D)
  5 water moccasins (D)
  A floating eye (D)
  A hell hound (D)
  An orc warrior (D)
  A black bear (D)
  4 wolves (D)
  A phantom (D)
  3 bullfrogs (D)
  4 scorpions (D)
  A necrophage (D)
  2 jellies (D)
  3 orc wizards (D)
  3 mummies (D)
  An adder (D)
  An ufetubus (D)
  An adder zombie (D)
  An adder simulacrum (D)
  3 orcs (D)
  An endoplasm (D)
57 creatures vanquished.

Vanquished Creatures (collateral kills)
  A spriggan druid (D)
  A black mamba (D)
  A hornet (D)
  A blink frog (D)
  A tarantella (D)
  A jumping spider (D)
  3 spriggans (D)
  A golden eye (D)
  A hell hound (D)
  A necrophage (D)
  A crimson imp (D)
  An adder zombie (D)
  A bat skeleton (D)
  A ball python (D)
  A ball python zombie (D)
17 creatures vanquished.

Grand Total: 74 creatures vanquished

Notes
Turn   | Place    | Note
-------+----------+-------------------------------------------
     0 | D        | nuthulu the Formicid Fighter began the quest for the Orb.
     0 | D        | Reached XP level 1. HP: 18/18 MP: 1/1
     0 | D        | Found a shimmering blue altar of Sif Muna.
     0 | D        | Found a sacrificial altar of Ru.
     0 | D        | Found a bloodstained altar of Trog.
     0 | D        | Found a stormy altar of Qazlal.
     0 | D        | Found an iron altar of Okawaru.
     0 | D        | Found a sparkling altar of Nemelex Xobeh.
     0 | D        | Found a blossoming altar of Fedhas.
     0 | D        | Found the +6 Majin-Bo {spellvamp, MP+6 Int+6}
     0 | D        | Found the +27 heavy crossbow "Sniper" {heavy, Acc+∞ SInv}
     0 | D        | Found the +10 dark maul {heavy}
     0 | D        | Found the +15 Maxwell's patent armour {-Cast -Tele rElec
                  | Will+ rCorr}
     0 | D        | Found the +18 shield of the Gong {Loud rN+ Will+ rCorr
                  | EV-5}
     0 | D        | Found the +16 obsidian axe {drain, demonic, Mesm Drain Fly
                  | SInv}
     0 | D        | Found the +7 great mace "Firestarter" {flame, inner flame,
                  | rFlCloud rF++}
     0 | D        | Found the +6 shillelagh "Devastator" {shatter}
     0 | D        | Found the +11 plutonium sword {Contam Stlth-}
     0 | D        | Found the +8 lance "Wyrmbane" {slay drac, rPois rF+ rC+
                  | AC+3}
     0 | D        | Found the +9 sword of Zonguldrok {reap}
     0 | D        | Found the +13 scythe of Curses {drain, curses, Drain}
     0 | D        | Found the +9 sword of Power {lifebolt}
     0 | D        | Found the +7 mace of Variability {chaos, chain chaos}
     0 | D        | Found the +11 Singing Sword {sonic wave}
     0 | D        | Found the +8 storm bow {elec, penet}
     2 | D        | Found a transporter.
     2 | D        | Found an ancient bone altar of Kikubaaqudgha.
     2 | D        | Found a viscous altar of Jiyva.
     2 | D        | Found a corrupted altar of Lugonu.
     2 | D        | Found a hazy altar of Hepliaklqana.
     2 | D        | Found a burning altar of Makhleb.
     2 | D        | Found an opulent altar of Gozag.
   107 | D        | Became a worshipper of Makhleb the Destroyer
   113 | D        | Reached skill level 5 in Armour
   113 | D        | Reached skill level 6 in Shields
   113 | D        | Reached XP level 2. HP: 24/24 MP: 2/2
   115 | D        | Entered arena 2.
   115 | D        | Noticed a merfolk
   115 | D        | Noticed a merfolk
   115 | D        | Found a transporter.
   121 | D        | Killed a merfolk
   122 | D        | Reached skill level 9 in Shields
   122 | D        | Reached XP level 3. HP: 14/35 MP: 3/3
   122 | D        | Reached XP level 4. HP: 16/41 MP: 4/4
   122 | D        | Reached XP level 5. HP: 18/47 MP: 5/5
   122 | D        | Reached XP level 6. HP: 21/53 MP: 6/6
   122 | D        | Killed a merfolk
   123 | D        | Reached skill level 10 in Shields
   123 | D        | Reached XP level 7. HP: 24/61 MP: 7/7
   248 | D        | Entered arena 3.
   248 | D        | Noticed a water moccasin
   248 | D        | Noticed a water moccasin
   248 | D        | Found a transporter.
   250 | D        | Killed a water moccasin
   250 | D        | Reached * piety under Makhleb
   251 | D        | Reached skill level 11 in Shields
   252 | D        | Killed a water moccasin
   258 | D        | Got the Omnibus of Bolts and the Tropics
   363 | D        | Entered arena 4.
   363 | D        | Found a transporter.
   366 | D        | Reached ** piety under Makhleb
   367 | D        | Reached skill level 10 in Armour
   367 | D        | Reached XP level 8. HP: 70/70 MP: 8/8
   369 | D        | Reached skill level 12 in Shields
   374 | D        | Got the amulet of Mistrust {Acrobat Str+2 Int+2 Slay+5}
   384 | D        | Entered arena 5.
   384 | D        | Found the +10 zealot's sword {holy, Zealotry, *Rage rN+
                  | EV+3}
   384 | D        | Noticed a tarantella
   384 | D        | Found a transporter.
   387 | D        | Reached *** piety under Makhleb
   388 | D        | Killed a tarantella
   407 | D        | Entered arena 6.
   407 | D        | Noticed a tarantella
   407 | D        | Noticed a jumping spider
   407 | D        | Noticed a tarantella
   407 | D        | Noticed a jumping spider
   407 | D        | Found a transporter.
   409 | D        | Killed a tarantella
   409 | D        | Reached **** piety under Makhleb
   410 | D        | Reached skill level 10 in Fighting
   410 | D        | Reached skill level 10 in Axes
   410 | D        | Reached skill level 13 in Shields
   410 | D        | Reached XP level 9. HP: 74/78 MP: 9/9
   410 | D        | Killed a tarantella
   420 | D        | Reached skill level 14 in Shields
   425 | D        | Got the ring "Jinkatig" {rPois Slay+4}
   527 | D        | Entered arena 7.
   528 | D        | Found a transporter.
   531 | D        | Reached ***** piety under Makhleb
   551 | D        | Entered arena 8.
   551 | D        | Noticed a spriggan druid
   551 | D        | Noticed a spriggan rider
   552 | D        | Found a transporter.
   556 | D        | Reached ****** piety under Makhleb
   557 | D        | Reached skill level 15 in Shields
   557 | D        | Reached XP level 10. HP: 86/89 MP: 10/10
   560 | D        | Killed a spriggan druid
   560 | D        | Killed a spriggan rider
   564 | D        | Got the ring of Yesterday {Wiz rF+++ rN+ Will- Stlth-}
   566 | D        | Got the ring of Abstinence {MP+9 Int+4}
   735 | D        | Entered arena 9.
   735 | D        | Found the +4 skin of Zhor {*Englaciate rC+++ SInv}
   736 | D        | Found a transporter.
   741 | D        | Reached skill level 16 in Shields
   762 | D        | Entered arena 10.
   762 | D        | Noticed an eye of devastation
   763 | D        | Found a transporter.
   769 | D        | Killed an eye of devastation
   839 | D        | Entered arena 11.
   839 | D        | Found the +7 great mace "Undeadhunter" {deathbane, rN+}
   839 | D        | Noticed a spriggan rider
   839 | D        | Noticed a spriggan druid
   839 | D        | Noticed a spriggan rider
   840 | D        | Found a transporter.
   843 | D        | Killed a spriggan druid
   844 | D        | Reached XP level 11. HP: 99/99 MP: 11/11
   845 | D        | Reached skill level 17 in Shields
   851 | D        | Killed a spriggan rider
   852 | D        | Reached skill level 15 in Armour
   856 | D        | Got the Compendium of Leaden Locality
   860 | D        | Got Sophisticated Sorcery
   866 | D        | Entered arena 12.
   868 | D        | Found a transporter.
   873 | D        | Reached skill level 18 in Shields
   875 | D        | Reached skill level 15 in Fighting
   885 | D        | Entered arena 13.
   885 | D        | Noticed a royal mummy
   886 | D        | Noticed an ancient lich
   887 | D        | Found a transporter.
   891 | D        | Noticed a death scarab
   891 | D        | Noticed a death scarab
   891 | D        | Noticed a death scarab
   896 | D        | Killed from afar by an ancient lich

Illustrated notes

Levels and vault maps discovered:
D:        sprint_v [room_start, room_1, room_2, room_3, room_4, room_5, room_6,
          room_7, room_8, room_9, room_10, room_11, room_12, room_13, room_14,
          room_15, room_16, room_17, room_18, room_19, room_20, room_21,
          room_22, room_23, room_24, room_25, room_26, room_27]

Skill      XL: |  1  2  3  4  5  6  7  8  9 10 11 |
---------------+----------------------------------+-----
Axes           | 4 6 8 10 11 13 14 | 14.2
Armour         | 5 7 9 10 11 12 14 15 | 15.6
Shields        | 6 9 10 11 13 15 16 18 | 18.3
Fighting       | 6 7 8 10 11 13 15 | 15.0

Action                     |  1- 3 |  4- 6 |  7- 9 | 10-12 || total
---------------------------+-------+-------+-------+-------++-------
  Melee: Broad axe         |     3 |     1 |    22 |    32 ||    58
 Invoke: Greater Servant o |       |       |       |     1 ||     1
    Use: Potion            |     3 |       |       |     1 ||     4
 Armour: Plate armour      |     2 |       |    14 |    17 ||    33
  Dodge: Dodged            |       |       |     2 |     6 ||     8
  Block: Kite shield       |     8 |       |    44 |    50 ||   102

Table legend: (Time is in decaauts)
 A = Elapsed time spent in this place.
 B = Non-inter-level travel time spent in this place.
 C = Inter-level travel time spent in this place.
 D = Time resting spent in this place.
 E = Time spent auto-exploring this place.
 F = Levels seen in this place.
 G = Mean time per level.
                   A        B        C        D        E       F      G
               +--------+--------+--------+--------+--------+-----+--------+
         Total |    900 |    900 |      0 |    525 |      0 |   1 |  900.0 |
       Dungeon |    900 |    900 |      0 |    525 |      0 |   1 |  900.0 |
               +--------+--------+--------+--------+--------+-----+--------+

Top non-repeatable levels by time:
       D: 900 daAuts
